 Dungeon Crawl Stone Soup version 0.18-a0-993-g4a3b7c7 (webtiles) character file.

56 Ijustatesigmund the Skirmisher (level 3, 0/31 HPs)
             Began as a Demonspawn Abyssal Knight on Jan 4, 2016.
             Was a Follower of Lugonu.
             Succumbed to a worker ant's poison
             ... on level 4 of the Dungeon.
             The game lasted 00:02:31 (562 turns).

Ijustatesigmund the Skirmisher (DsAK)                Turns: 562, Time: 00:02:31

Health: 0/31       AC:  5    Str: 12    XL:     3   Next: 69%
Magic:  0/4        EV: 11    Int: 13    God:    Lugonu [*.....]
Gold:   30         SH:  0    Dex: 13    Spells: 0 memorised, 2 levels left

rFire  . . .     SeeInvis .     a - +1 mace
rCold  . . .     Gourm    .     b - +0 leather armour
rNeg   . . .     Faith    .     (no shield)
rPois  .         Spirit   +     (no helmet)
rElec  .         Dismiss  .     (no cloak)
rCorr  .         Reflect  .     (no gloves)
SustAt .         Harm     .     (no boots)
MR     .....                    (no amulet)
Stlth  +.........               (no ring)
                                (no ring)

@: lethally poisoned (0 -> -3), not resistant to hostile enchantments, very
unstealthy
A: yellow scales 1, magic shield
a: Depart the Abyss, Renounce Religion


You were on level 4 of the Dungeon.
You worshipped Lugonu.
Lugonu was aware of your devotion.
You were not hungry.

You visited 1 branch of the dungeon, and saw 4 of its levels.
You visited the Abyss 1 time.

You collected 30 gold pieces.

Inventory:

Hand Weapons
 a - a +1 mace (weapon)
Armour
 b - a +0 leather armour (worn)
Scrolls
 d - a scroll of enchant armour {unknown}
 e - 2 scrolls of remove curse {unknown}
 h - a scroll of identify {unknown}
Potions
 f - a potion of cure mutation
 g - a potion of haste
Comestibles
 c - a bread ration


   Skills:
 + Level 4.5 Fighting
 - Level 1.8 Maces & Flails
 - Level 1.8 Armour
 - Level 0.8 Dodging
 - Level 2.6 Invocations


You had 2 spell levels left.
You didn't know any spells.

Dungeon Overview and Level Annotations

Branches:
Dungeon (4/15)
 Temple: D:4-7

Altars:
Fedhas


Innate Abilities, Weirdness & Mutations

You are partially covered in yellow scales (AC +2).
When hurt, damage is shared between your health and your magic reserves.


Message History

The worker ant is severely wounded.
The worker ant bites you.
* * * LOW HITPOINT WARNING * * *
You barely miss the worker ant.
The worker ant is severely wounded.
The worker ant misses you. The worker ant bites you.
* * * LOW HITPOINT WARNING * * *
You are lethally poisoned!
The worker ant poisons you!
You closely miss the worker ant.
The worker ant is severely wounded.
* * * LOW HITPOINT WARNING * * *
You feel sick. The worker ant closely misses you.
You hit the worker ant.
The worker ant is severely wounded.
The worker ant closely misses you. The worker ant barely misses you.
You sock the worker ant!
You kill the worker ant!
Lugonu accepts your kill.
You die...

[ ... #.
..#######
)#.##.#.....#
#.......P.P.#
#.#......_..#
$.......P.P.#
#.........#
##.$..<.#
#......†@#
..#.....##
##.#### ...
#.. ##


There were no monsters in sight!

Vanquished Creatures
  A worker ant (D:4)
  An adder (D:3)
  An ooze (D:2)
  2 giant geckos
  2 bats (D:2)
  6 hobgoblins
  A quokka (D:2)
  A rat (D:3)
15 creatures vanquished.

Notes
Turn   | Place    | Note
--------------------------------------------------------------
     0 | Abyss:1  | Ijustatesigmund the Demonspawn Abyssal Knight began the quest for the Orb.
     0 | Abyss:1  | Reached XP level 1. HP: 18/18 MP: 2/2
    14 | Abyss:1  | Found a corrupted altar of Lugonu.
    71 | Abyss:1  | Noticed an ophan
    74 | D:1      | Escaped the Abyss
   375 | D:1      | You fall through a shaft!
   383 | D:2      | Gained mutation: You are partially covered in yellow scales (AC +2). [demonic ancestry]
   383 | D:2      | Reached XP level 2. HP: 14/24 MP: 3/3
   475 | D:3      | Reached * piety under Lugonu
   529 | D:3      | Reached skill level 4 in Fighting
   529 | D:3      | Gained mutation: When hurt, damage is shared between your health and your magic reserves. [demonic ancestry]
   529 | D:3      | Reached XP level 3. HP: 7/30 MP: 4/4
   544 | D:4      | Found a blossoming altar of Fedhas.
   560 | D:4      | HP: 1/30 [poisoned by a worker ant]
   562 | D:4      | Succumbed to a worker ant's poison

Vault maps used:
D:1:      co_arrival_square_in_a_square_in_a_square, serial_glass,
          glass_columns_a, glass_columns_b, serial_bayou_crossing
D:2:      nicolae_overflow_hidden_temple
D:3:      lemuel_crystal_altar, first_bread, tgw_trog
D:4:      fedhas_altar_1, kennysheep_little_box
Abyss:1:  evilmike_abyss_exit_kraken

Action                   || total
-------------------------++-------
Melee: Mace              ||    71
Invok: Depart the Abyss  ||     1
  Use: Potion            ||     3
 Stab: Distracted        ||     1
